 Dungeon Crawl Stone Soup version 0.16.0-14-g63f578d (webtiles) character file.

51 Palladion the Stinger (level 3, -3/19 HPs)
             Began as a Gargoyle Venom Mage on Mar 18, 2015.
             Slain by a gnoll
             ... wielding a +0 halberd
              (15 damage)
             ... on level 2 of the Dungeon.
             The game lasted 00:04:55 (1201 turns).

Palladion the Stinger (Gargoyle Venom Mage)         Turns: 1201, Time: 00:04:56

Health: -3/19      AC:  6    Str: 11    XL:     3   Next: 83%
Magic:  7/7        EV: 12    Int: 16    God:
Gold:   160        SH:  0    Dex: 10    Spells: 1 memorised, 7 levels left

rFire  . . .     SeeInvis .     n - +2 short sword (drain)
rCold  . . .     Clarity  .     a - +0 robe
rNeg   + . .     SustAb   .     (no shield)
rPois  ∞         Gourm    .     d - +0 helmet
rElec  +         Spirit   .     (no cloak)
rCorr  .         Warding  .     (no gloves)
rMut   .         Stasis   .     (no boots)
MR     .....                    (no amulet)
Stlth  ++........               (no ring)
                                (no ring)

@: not resistant to hostile enchantments, unstealthy
A: negative energy resistance 1, electricity resistance, unbreathing,
petrification resistance, rot immunity, AC +3
a: no special abilities


You were on level 2 of the Dungeon.
You were hungry.

You visited 1 branch of the dungeon, and saw 2 of its levels.

You collected 160 gold pieces.

Inventory:

Hand weapons
 g - a +3 hand axe
 n - a +2 short sword of draining (weapon)
Missiles
 r - a throwing net (quivered)
Armour
 a - a +0 robe (worn)
 d - a +0 helmet (worn)
Scrolls
 e - a scroll of fog {unknown}
 f - 4 scrolls of identify {unknown}
 i - a scroll of enchant armour {unknown}
 l - a scroll of recharging {unknown}
 m - a scroll of immolation {unknown}
 q - a scroll of remove curse {unknown}
Potions
 h - a potion of curing {unknown}
 k - a potion of mutation {unknown}
 p - a potion of magic {unknown}
Books
 b - a Young Poisoner's Handbook

   Spells                             Type                      Level
   a - Sting                          Conjuration/Poison           1
   b - Cure Poison                    Poison                       2
   c - Mephitic Cloud                 Conjuration/Poison/Air       3
   d - Olgreb's Toxic Radiance        Poison                       4
   e - Venom Bolt                     Conjuration/Poison           5
Comestibles
 c - 3 bread rations
 j - a meat ration
 o - a slice of pizza


   Skills:
 - Level 1.5 Dodging
 - Level 2.1 Stealth
 + Level 3.0 Spellcasting
 + Level 4.7 Poison Magic


You had 7 spell levels left.
You knew the following spells:

 Your Spells              Type           Power        Failure   Level  Hunger
a - Sting                 Conj/Pois      #...         10%         1    #......


Dungeon Overview and Level Annotations

Branches:
Dungeon (2/15)

Altars:


Innate Abilities, Weirdness & Mutations

You are resistant to torment.
You are immune to poison.
Your stone body is very resilient (AC +3).
You resist negative energy.
You are resistant to electric shocks.
You can survive without breathing.
You are immune to petrification.
You are immune to rotting.


Message History

You start resting.
Magic restored.
You start resting.
A gnoll is nearby!
Things that are here:
a throwing net; a rat corpse
Things that are here:
a throwing net; a rat corpse
r - a throwing net You see here a tomahawk.
You see here a throwing net.
r - 2 throwing nets (gained 1) Throwing (i - inventory):
r - 2 throwing nets (quivered)
Press: ? - help, Shift-Dir - straight line, f - gnoll
Aim: a gnoll, wielding a halberd You throw a throwing net.
The throwing net barely misses the gnoll.
The gnoll hits you from afar with a halberd!
Ouch! That really hurt!
You die...

......(.# #...# #.
#...############ #.
#(..†.)).....g.> ##.
#...###########. ###..
##..# #...# #...######..#
#...# # ##....g.# #...# #.
#..##...# #...# ###
###.####@.# #...#
#####...# #...# #...####
###.### ##### #...#..#
#####...# #......# ###
###.## #####..# #.
#..#############..#### #
##........#..........#
#...#########.#..........#
###.. #.#..........##


You could see a gnoll.

Vanquished Creatures
  2 gnolls (D:2)
  A worm (D:2)
  A ball python (D:2)
  3 bats (D:1)
  A giant cockroach (D:1)
  2 goblins (D:1)
  3 hobgoblins
  3 giant newts (D:1)
  6 kobolds
  6 rats
28 creatures vanquished.

Notes
Turn   | Place    | Note
--------------------------------------------------------------
     0 | D:1      | Palladion, the Gargoyle Venom Mage, began the quest for the Orb.
     0 | D:1      | Reached XP level 1. HP: 10/10 MP: 3/3
   317 | D:1      | Reached XP level 2. HP: 15/15 MP: 4/4
   862 | D:2      | Reached XP level 3. HP: 11/19 MP: 1/6
  1201 | D:2      | Slain by a gnoll

Action                   || total
-------------------------++-------
Melee: Hand axe          ||    34
       Unarmed           ||     4
       Short sword       ||     8
Throw: Throwing net      ||     1
 Cast: Sting             ||     8
 Stab: Sleeping          ||     1
